 Dungeon Crawl Stone Soup version 0.30-a0-949-g53dc5368d7 (webtiles) character file.

Game seed: 13742291660461213996

31960 Gargoyl the Fighter (level 13, -17/90 HPs)
             Began as a Gargoyle Berserker on Mar 27, 2023.
             Was an Elder of Trog.
             Demolished by a white ugly thing (30 damage)
             ... in an ice cave.
             The game lasted 00:21:57 (13210 turns).

Gargoyl the Fighter (Gargoyle Berserker)           Turns: 13210, Time: 00:21:58

Health: -17/90     AC: 33    Str: 26      XL:     13   Next: 61%
Magic:  13/13      EV: 13    Int:  8 (10) God:    Trog [****..]
Gold:   776        SH:  0    Dex: 11 (13) Spells: 12/12 levels left

rFire   + . .      SeeInvis .    a - +4 hand axe (freeze)
rCold   . . .      Faith    .    (no shield)
rNeg    + . .      Spirit   .    k - +0 scale mail {rF+}
rPois   ∞          Reflect  .    P - +0 helmet
rElec   +          Rampage  +    r - +2 cloak
rCorr   .                        Q - +0 pair of gloves {Stlth+}
Will    ++...                    B - +2 pair of boots {rampage}
Stlth   ++                       (no amulet)
HPRegen 1.35/turn                j - +4 ring of protection
MPRegen 0.13/turn                o - +6 ring of strength

@: strong-willed, on berserk cooldown, regenerating, slowed, studying Fighting,
very slow
A: sickness immunity, AC +9, negative energy resistance 1, electricity
resistance, torment resistance 1, petrification resistance, talons 1,
deterioration 1, passive freeze, noise suppression
a: Renounce Religion, Berserk, Trog's Hand, Brothers in Arms


You were in an ice cave.
You worshipped Trog.
Trog was greatly pleased with you.
You visited 2 branches of the dungeon, and saw 15 of its levels.
You also visited: Bailey and Ice Cave.

You collected 958 gold pieces.
You spent 182 gold pieces at shops.

Inventory:

Hand Weapons
 a - a +4 hand axe of freezing (weapon)
 H - a +0 hand axe of flaming
 J - a +2 heavy hand axe
 O - a +0 broad axe
Missiles
 n - 34 poisoned darts (quivered)
 p - 4 throwing nets
Armour
 k - a +0 scale mail of fire resistance (worn)
 r - a +2 cloak (worn)
 B - a +2 pair of boots of rampaging (worn)
 P - a +0 helmet (worn)
 Q - a +0 pair of gloves of stealth (worn)
Jewellery
 e - a ring of ice
 i - a ring of protection from cold
 j - a +4 ring of protection (left hand)
 o - a +6 ring of strength (right hand)
 R - a ring of protection from cold
Wands
 b - a wand of iceblast (20)
 w - a wand of flame (69)
 y - a wand of polymorph (16)
 C - a wand of mindburst (10)
 E - a wand of digging (2)
 I - a wand of quicksilver (13)
Scrolls
 c - 3 scrolls of blinking
 d - 2 scrolls of summoning
 f - 2 scrolls of fog
 g - 11 scrolls of identify
 h - 3 scrolls of poison
 z - 3 scrolls of magic mapping
 A - 4 scrolls of amnesia
 D - 2 scrolls of teleportation
 K - 2 scrolls of enchant armour {unknown}
Potions
 l - a potion of berserk rage
 m - 5 potions of flight {unknown}
 q - 2 potions of brilliance
 s - 3 potions of heal wounds
 t - 2 potions of might {unknown}
 u - 2 potions of curing
 v - 3 potions of ambrosia {unknown}
 x - a potion of attraction {unknown}
 F - a potion of haste {unknown}
 G - 2 potions of cancellation {unknown}
 L - a potion of experience {unknown}
 M - a potion of invisibility {unknown}
 N - 5 potions of mutation


   Skills:
 + Level 14.1 Fighting
 + Level 13.1 Axes
 + Level 1.1 Throwing
 * Level 12.8 Armour
 * Level 9.0 Dodging
 + Level 3.2 Stealth


You had 12 spell levels left.
You didn't know any spells.
Your spell library was empty.

Dungeon Overview and Level Annotations

Branches:
Dungeon (11/15)            Temple (0/1) D:7            Lair (4/5) D:11
 Shoals (0/4) Lair:3       Spider (0/4) Lair:2       Bailey (visited)
  IceCv (1/1)
  Slime: Lair:4-5       Orc: D:9-12

Altars:
Hepliaklqana
Qazlal
Wu Jian
Yredelemnul

Shops:
D:5 (   D:7 !   D:9 =

Annotations:
IceCv 1 transporter


Innate Abilities, Weirdness & Mutations

You are immune to sickness and miasma.
Your stone body is resilient. (AC +9)
You are immune to poison.
You resist negative energy. (rN+)
You are resistant to electric shocks. (rElec)
You are resistant to unholy torment.
You are immune to petrification.
You have sharp toenails.
Your body sometimes deteriorates upon taking damage.
A frigid envelope surrounds you and freezes all who hurt you.
You passively dampen the noise of your surroundings.


Message History

You hit the polar bear simulacrum. You hit the elephant simulacrum.
The white ugly thing kicks you. The white ugly thing freezes you!!
The white ugly thing resists.
The white ugly thing is very cold.
The white ugly thing is moderately wounded.
Unknown command.
You hit the white ugly thing. You freeze the white ugly thing.
The white ugly thing is moderately wounded.
You hit the elephant simulacrum. You slash the polar bear simulacrum!
The polar bear simulacrum vaporises!
Trog accepts your kill.
The elephant simulacrum tramples you but does no damage.
The elephant simulacrum closely misses you.
The white ugly thing closely misses you.
You hit the white ugly thing but do no damage.
The white ugly thing is moderately wounded.
You hit the elephant simulacrum but do no damage.
You hit the cane toad simulacrum. The elephant simulacrum misses you.
The elephant simulacrum trunk-slaps you but does no damage.
The elephant simulacrum completely resists.
The white ugly thing kicks you but does no damage.
The white ugly thing resists.
The white ugly thing is very cold.
The white ugly thing is moderately wounded.
The cane toad simulacrum hits you! The cane toad simulacrum freezes you!!
* * * LOW HITPOINT WARNING * * *
Your body deteriorates!
You feel dopey.
The cane toad simulacrum completely resists.
You feel much better. The white ugly thing kicks you.
The white ugly thing freezes you!!
* * * LOW HITPOINT WARNING * * *
Your body deteriorates!
You feel clumsy.
The white ugly thing resists.
The white ugly thing is very cold.
The white ugly thing is moderately wounded.
The cane toad simulacrum hits you but does no damage.
The cane toad simulacrum completely resists.
The elephant simulacrum closely misses you.
The elephant simulacrum trunk-slaps you but does no damage.
You feel much better. The white ugly thing kicks you!
* * * LOW HITPOINT WARNING * * *
The white ugly thing freezes you!!
You die...

#......:......#
#....8...8....#
#.............#
#...........#
#...........#
#...........#
##.........##
##..ZuZ..##
##..@..##
#######


You could see a white ugly thing, an elephant simulacrum and a cane toad
simulacrum.

Vanquished Creatures
  2 vault guards (Bailey)
  2 hydras
  A two-headed ogre (D:9)
  A centaur warrior (D:9)
  A skyshark (Lair:3)
  4 elephants (Lair:3)
  Joseph (Lair:1)
  8 black mambas
  A gargoyle (D:11)
  7 cane toads
  3 rime drakes
  A kobold demonologist (D:10)
  6 komodo dragons
  A tengu conjurer (D:9)
  A polar bear (Lair:4)
  A hornet (D:11)
  9 blink frogs
  Prince Ribbit (Bailey)
  5 dream sheep (Lair:3)
  Sigmund (D:6)
  8 wyverns
  6 humans (Bailey)
  7 basilisks
  23 yaks
  A redback (Lair:2)
  A steam dragon (D:7)
  A vampire mosquito (D:9)
  6 water moccasins
  Duvessa (D:5)
  4 orc warriors
  A swamp drake (D:11)
  An ice beast (D:5)
  2 sky beasts
  3 black bears
  2 ogres (D:6)
  20 wolves
  7 centaurs
  A phantom (D:4)
  A kobold brigand (D:11)
  3 gnoll sergeants
  15 bullfrogs
  4 scorpions
  5 wights (D:6)
  Dowan (D:5)
  3 howler monkeys
  The ghost of Morbidden the Conjurer, a weakling DsCj (D:3)
  2 jellies
  A hound (D:6)
  Crazy Yiuf (D:3)
  6 orc priests
  A gnoll bouda (D:5)
  4 sleepcaps
  Jessica (D:3)
  Ijyb (D:3)
  Natasha (thrice) (D:2)
  Terence (D:2)
  9 iguanas
  12 orc wizards
  A scorpion zombie (D:3)
  A polar bear simulacrum (IceCv)
  9 hell rats (Lair:2)
  A wolf simulacrum (IceCv)
  A hound zombie (D:3)
  25 gnolls
  14 river rats (Lair:2)
  6 adders
  2 white imps (D:6)
  An ufetubus (D:4)
  A dart slug (D:2)
  36 orcs
  5 ball pythons
  6 endoplasms
  3 giant cockroaches
  7 hobgoblins
  7 jackals
  12 kobolds
  11 quokkas
  4 bats
  A frilled lizard (D:2)
  17 goblins
  10 rats
  A butterfly (Lair:2)
409 creatures vanquished.

Vanquished Creatures (collateral kills)
  2 ice devils (Lair:4)
  An orc priest (D:9)
3 creatures vanquished.

Vanquished Creatures (others)
  A gnoll (D:4)
  10 fungi
  18 plants
29 creatures vanquished.

Grand Total: 441 creatures vanquished

Notes
Turn   | Place    | Note
-------+----------+-------------------------------------------
     0 | D:1      | Gargoyl the Gargoyle Berserker began the quest for the Orb.
     0 | D:1      | Reached XP level 1. HP: 14/14 MP: 1/1
   157 | D:1      | Reached XP level 2. HP: 19/19 MP: 2/2
   504 | D:1      | Reached XP level 3. HP: 13/24 MP: 3/3
   820 | D:1      | Reached ** piety under Trog
   990 | D:2      | Noticed Natasha
  1002 | D:2      | Killed Natasha
  1003 | D:2      | Reached XP level 4. HP: 29/29 MP: 4/4
  1034 | D:2      | Reached skill level 4 in Fighting
  1413 | D:2      | Noticed Natasha
  1431 | D:2      | Killed Natasha
  1443 | D:2      | Noticed Natasha
  1470 | D:2      | Killed Natasha
  1471 | D:2      | Reached XP level 5. HP: 13/33 MP: 5/5
  1652 | D:2      | Identified a scroll of acquirement
  1652 | D:2      | Acquired a manual of Fighting
  1834 | D:2      | Noticed Terence
  1841 | D:2      | Killed Terence
  1899 | D:3      | Noticed Ijyb
  1908 | D:3      | Killed Ijyb
  2081 | D:3      | Reached XP level 6. HP: 39/39 MP: 6/6
  2097 | D:3      | Noticed Jessica
  2106 | D:3      | Killed Jessica
  2156 | D:3      | Found a runed translucent gate.
  2156 | D:3      | Found a runed translucent gate.
  2156 | D:3      | Found a runed translucent gate.
  2156 | D:3      | Noticed Morbidden's ghost (weakling DsCj)
  2174 | D:3      | Found a basalt altar of Yredelemnul.
  2326 | D:3      | Found a runed translucent door.
  2547 | D:3      | Noticed Crazy Yiuf
  2555 | D:3      | Killed Crazy Yiuf
  2556 | D:3      | Reached skill level 5 in Fighting
  2636 | D:3      | Killed Morbidden's ghost
  2637 | D:3      | Reached skill level 5 in Axes
  2724 | D:3      | Reached XP level 7. HP: 30/44 MP: 7/7
  2792 | D:3      | Reached skill level 1 in Stealth
  3277 | D:4      | Identified the +8 sling of Nelyekk {freeze, rPois MP-9
                  | Stlth+}
  3291 | D:4      | Reached skill level 5 in Armour
  3582 | D:5      | Entered Level 5 of the Dungeon
  3625 | D:5      | Reached XP level 8. HP: 34/50 MP: 8/8
  3779 | D:5      | Found Mynt's Antique Weapon Shoppe.
  3933 | D:5      | Noticed Duvessa
  3933 | D:5      | Noticed Dowan
  3948 | D:5      | Killed Duvessa
  3951 | D:5      | Killed Dowan
  4013 | D:5      | Reached skill level 6 in Fighting
  4180 | D:5      | Found an ornate altar of the Wu Jian Council.
  4652 | D:6      | Reached XP level 9. HP: 43/56 MP: 9/9
  5024 | D:6      | Found a hazy altar of Hepliaklqana.
  5170 | D:6      | Reached skill level 7 in Fighting
  5229 | D:6      | Noticed Sigmund
  5238 | D:6      | Killed Sigmund
  5574 | D:6      | Reached skill level 1 in Throwing
  5634 | D:7      | Reached skill level 8 in Fighting
  5634 | D:7      | Reached skill level 5 in Dodging
  5637 | D:7      | Reached XP level 10. HP: 57/65 MP: 10/10
  5823 | D:7      | Found a staircase to the Ecumenical Temple.
  6318 | D:7      | Found Icrakess's Distillery.
  6324 | D:7      | Bought a potion of heal wounds for 70 gold pieces
  6324 | D:7      | Bought a potion of mutation for 112 gold pieces
  6324 | D:7      | Gained mutation: A frigid envelope surrounds you and
                  | freezes all who hurt you. [potion of mutation]
  6324 | D:7      | Gained mutation: Your body sometimes deteriorates upon
                  | taking damage. [potion of mutation]
  6324 | D:7      | Gained mutation: You have sharp toenails. [potion of
                  | mutation]
  6324 | D:7      | Gained mutation: You passively dampen the noise of your
                  | surroundings. [potion of mutation]
  6551 | D:8      | Identified the +3 rapier of Pukimeon {flame, *Slow rC++
                  | Will+ Int+3}
  6615 | D:8      | Found a flagged portal.
  6627 | Bailey   | Entered a bailey
  6639 | Bailey   | Reached *** piety under Trog
  6653 | Bailey   | Reached skill level 9 in Fighting
  6729 | Bailey   | Noticed a vault guard
  6729 | Bailey   | Noticed Prince Ribbit
  6738 | Bailey   | Killed Prince Ribbit
  6741 | Bailey   | Killed a vault guard
  6781 | Bailey   | Noticed a vault guard
  6794 | Bailey   | Killed a vault guard
  6795 | Bailey   | Reached XP level 11. HP: 48/72 MP: 11/11
  6964 | Bailey   | Reached skill level 10 in Fighting
  6967 | Bailey   | Reached skill level 10 in Axes
  6967 | Bailey   | Reached skill level 10 in Armour
  7671 | D:9      | You fall into a shaft and drop 2 floors!
  7807 | D:11     | Found a staircase to the Lair.
  7956 | D:10     | Entered Level 10 of the Dungeon
  7999 | D:10     | Noticed a two-headed ogre
  8136 | D:9      | Found Cawku's Jewellery Shop.
  8140 | D:9      | Reached **** piety under Trog
  8393 | D:9      | Identified the +8 rapier "Ickulei" {flame, rPois Str+5
                  | Int-5 Dex+2}
  8513 | D:9      | Found a stormy altar of Qazlal.
  8559 | D:9      | Noticed a centaur warrior
  8566 | D:9      | Killed a centaur warrior
  8567 | D:9      | Identified the +1 whip of Understanding {venom, Str+4}
  8613 | D:9      | Identified the +1 morningstar of Disintegration {heavy, rN+
                  | Will- Str+4}
  8784 | D:9      | Killed a two-headed ogre
  9229 | D:10     | Reached skill level 11 in Fighting
  9505 | Lair:1   | Entered Level 1 of the Lair of Beasts
  9657 | Lair:1   | Reached XP level 12. HP: 76/80 MP: 12/12
  9936 | Lair:1   | Noticed Joseph
  9947 | Lair:1   | Killed Joseph
 10065 | Lair:1   | Reached skill level 12 in Fighting
 10524 | Lair:2   | Found a hole to the Spider Nest.
 11000 | Lair:2   | Reached ***** piety under Trog
 11501 | Lair:3   | Received a gift from Trog
 11567 | Lair:3   | Noticed an eight-headed hydra
 11575 | Lair:3   | Killed a five-headed hydra
 11576 | Lair:3   | Reached skill level 13 in Fighting
 11579 | Lair:3   | Found a staircase to the Shoals.
 11592 | Lair:3   | Reached XP level 13. HP: 88/88 MP: 13/13
 12854 | Lair:4   | Reached skill level 14 in Fighting
 13171 | Lair:4   | Found a frozen archway.
 13192 | IceCv    | Entered an ice cave
 13194 | IceCv    | Found a transporter.
 13210 | IceCv    | Demolished by a white ugly thing

Illustrated notes

Levels and vault maps discovered:
D:1:      psy_arrival_statuary, layout_basic
D:2:      minmay_inner_zag, layout_loops_ring, uniq_natasha, uniq_terence
D:3:      layout_rooms, nicolae_yredelemnul_ghost_church, serial_corexii_hall,
          chequers_hall_statues_corner_a, corexii_hall_statues_i,
          hangedman_decor_clover_reticule, uniq_crazy_yiuf_cottage, uniq_ijyb,
          uniq_jessica
D:4:      layout_cave_pools, minmay_strange_pillars
D:5:      layout_basic, nicolae_wu_jian_immortal_techniques, serial_shops, shop,
          uniq_duvessa
D:6:      layout_loops_ring, mainiacjoe_overflow_small_starburst,
          chequers_serial_rivers_small_b, kennysheep_generic_room_8,
          uniq_sigmund
D:7:      layout_loops_cross, minmay_temple_entry_waves, serial_shops, shop,
          solitary_fountain, kennysheep_generic_room_6
D:8:      layout_loops_ring, enter_bailey_5
D:9:      layout_roguey, general_overflow_altar, serial_shops, shop,
          minmay_diamond_spiral
D:10:     layout_small_grid, chequers_serial_rivers_micro_d
D:11:     layout_cave_pools, erik_lair_dragon, erik_orc_1,
          ebering_dispersal_statue_hall, uniq_maurice, uniq_harold,
          uniq_josephine
Lair:1:   layout_misc_corridors, guppyfry_lair_drakes, lemuel_fruit_fields,
          infiniplex_staircase_pool_2, uniq_prince_ribbit2, uniq_joseph
Lair:2:   lemuel_ratsnest, layout_loops_ring, spider_nest_entry_rubble
Lair:3:   layout_cave_pods, minmay_shoals_entry_centaurs, beast_lair_carwin_11
Lair:4:   onia_ninara_swampy_vault, layout_regular_city, slime_entry_1,
          portal_ice_cave_demonic_guard, beast_lair_carwin_4
IceCv:    ice_cave_statue_garden_transporter

Skill      XL: |  1  2  3  4  5  6  7  8  9 10 11 12 13 |
---------------+----------------------------------------+-----
Axes           | 3 4 5 6 8 9 11 12 13 | 13.1
Fighting       | 4 5 6 8 9 11 13 14 | 14.1
Dodging        | 2 3 4 5 7 8 9 |  9.0
Armour         | 3 4 5 6 8 9 11 12 | 12.8
Stealth        | 1 2 3 |  3.2
Throwing       | 1 |  1.1

Action                     |  1- 3 |  4- 6 |  7- 9 | 10-12 | 13-15 || total
---------------------------+-------+-------+-------+-------+-------++-------
  Melee: Hand axe          |    94 |   173 |   279 |   564 |   172 ||  1282
         Punch             |       |       |     3 |     9 |     6 ||    18
  Throw: Dart              |       |       |     5 |       |       ||     5
 Invoke: Trog's Hand       |     1 |     7 |     7 |     7 |     1 ||    23
         Berserk           |     1 |     6 |    10 |     7 |     1 ||    25
         Brothers in Arms  |       |       |       |     1 |     1 ||     2
  Evoke: Wand              |       |       |       |     1 |       ||     1
    Use: Potion            |       |     2 |       |     2 |     2 ||     6
         Scroll            |       |    10 |     9 |     4 |       ||    23
   Stab: Sleeping          |       |       |       |     2 |     3 ||     5
 Armour: Animal skin       |    43 |     2 |       |       |       ||    45
         Scale mail        |       |   110 |   157 |   320 |   136 ||   723
         Skin              |       |     8 |       |       |       ||     8
  Dodge: Dodged            |    77 |    83 |   182 |   346 |   127 ||   815

Table legend: (Time is in decaauts)
 A = Elapsed time spent in this place.
 B = Non-inter-level travel time spent in this place.
 C = Inter-level travel time spent in this place.
 D = Time resting spent in this place.
 E = Time spent auto-exploring this place.
 F = Levels seen in this place.
 G = Mean time per level.
                   A        B        C        D        E       F      G
               +--------+--------+--------+--------+--------+-----+--------+
         Total |  13301 |  12855 |    446 |    470 |   9475 |  17 |  782.4 |
       Dungeon |   9281 |   8893 |    388 |    413 |   6465 |  11 |  843.7 |
          Lair |   3568 |   3510 |     58 |      0 |   2802 |   4 |  892.0 |
        Bailey |    430 |    430 |      0 |     57 |    207 |   1 |  430.0 |
      Ice Cave |     21 |     21 |      0 |      0 |      0 |   1 |   21.0 |
               +--------+--------+--------+--------+--------+-----+--------+

Top non-repeatable levels by time:
  Lair:3: 1270 daAuts
     D:6: 1192 daAuts
     D:3: 1014 daAuts
     D:2: 1011 daAuts
     D:9: 958 daAuts
     D:1: 935 daAuts
  Lair:1: 919 daAuts
  Lair:2: 915 daAuts
     D:5: 908 daAuts
     D:7: 869 daAuts
     D:8: 767 daAuts
     D:4: 731 daAuts
    D:10: 558 daAuts
  Lair:4: 463 daAuts
  Bailey: 430 daAuts
